 Dungeon Crawl Stone Soup version 0.28-a0-1429-gf3d713df7a (webtiles) character file.

Game seed: 17572668941390500607

73 zap2161 the Shooter (level 4, -7/24 HPs)
             Began as a Deep Elf Arcane Marksman on Jan 8, 2022.
             Was a Follower of Makhleb.
             Mangled by a gnoll (8 damage)
             ... on level 2 of the Dungeon.
             The game lasted 00:08:12 (1288 turns).

zap2161 the Shooter (Deep Elf Arcane Marksman)      Turns: 1288, Time: 00:08:13

Health: -7/24      AC:  2    Str:  7    XL:     4   Next: 8%
Magic:  6/8        EV: 13    Int: 18    God:    Makhleb [*.....]
Gold:   46         SH:  0    Dex: 17    Spells: 5/6 levels left

rFire   . . .      SeeInvis .   a - +0 shortbow
rCold   . . .      Faith    .   (shield currently unavailable)
rNeg    . . .      Spirit   .   d - +0 robe
rPois   .          Reflect  .   (no helmet)
rElec   .          Harm     .   (no cloak)
rCorr   .          Rampage  .   (no gloves)
Will    .....                   (no boots)
Stlth   ++........              (no amulet)
HPRegen 0.08/turn               (no ring)
MPRegen 0.11/turn               (no ring)

@: no status effects
A: no striking features
a: Renounce Religion


You were on level 2 of the Dungeon.
You worshipped Makhleb.
Makhleb was aware of your devotion.
You visited 1 branch of the dungeon, and saw 2 of its levels.

You collected 46 gold pieces.

Inventory:

Hand Weapons
 a - a +0 shortbow (weapon)
 b - a +2 hand axe of draining
 h - a +2 hunting sling of flaming
Missiles
 c - 39 arrows (quivered ammo)
 m - 10 poisoned darts
Armour
 d - a +0 robe (worn)
Scrolls
 e - a scroll of blinking {unknown}
 g - a scroll of noise {unknown}
 k - a scroll of enchant armour {unknown}
 l - 3 scrolls of identify
Potions
 f - a potion of invisibility
 i - a potion of attraction {unknown}
 j - a potion of curing {unknown}


   Skills:
 - Level 0.7 Fighting
 * Level 5.9 Bows
 - Level 2.4 Dodging
 - Level 1.5 Spellcasting
 - Level 4.0 Hexes


You had 5 spell levels left.
You knew the following spells:

 Your Spells              Type           Power      Damage    Failure   Level
a - Slow                  Hex            60%        N/A       3%          1

Your spell library contained the following spells:

 Spells                   Type           Power      Damage    Failure   Level
 Inner Flame              Hex/Fire       8%         N/A       26%         3
 Portal Projectile        Hex/Tloc       16%        N/A       26%         3
 Cause Fear               Hex            7%         N/A       36%         4


Dungeon Overview and Level Annotations

Branches:
Dungeon (2/15)

Altars:
Makhleb


Message History

The gnoll is lightly wounded.
The gnoll hits you with a +0 whip.
Fire: 40 arrows
Press: ? - help, Q - select action, (/) - cycle Shift-Dir - straight line, f/p - gnoll
Aim: a gnoll, wielding a +0 whip (65% to hit)
You shoot an arrow. The arrow hits the gnoll!
The gnoll is severely wounded.
You hear a shout!
The gnoll hits you with a +0 whip.
A gnoll comes into view. It is wielding a +0 whip.
The gnoll misses you.
You sense an unholy aura.
b - a +2 hand axe of draining (weapon)
The gnoll barely misses you. The gnoll closely misses you.
Cleave: b) +2 hand axe (drain)
Press: ? - help, Dir - move target, f - gnoll, p - gnoll
Aim: a gnoll, wielding a +0 whip (severely wounded, about 34% to evade your +2 hand axe of draining)
You hit the gnoll.
You kill the gnoll!
Makhleb accepts your kill.
The gnoll hits you from afar with a +0 spear.
You have reached level 4!
You feel clever.
a - a +0 shortbow (weapon)
Casting: Slow (safe; 3% risk of failure)
Confirm with . or Enter, or press ? or * to list all spells.
Aiming: Slow (safe; 3% risk of failure)
Press: ? - help, Shift-Dir - straight line, f - gnoll
Aim: a gnoll, wielding a +0 whip (chance to affect: 63%)
The gnoll resists with significant effort.
The gnoll hits you from afar with a +0 spear!
* * * LOW HITPOINT WARNING * * *
Casting: Slow (safe; 3% risk of failure)
Confirm with . or Enter, or press ? or * to list all spells.
Aiming: Slow (safe; 3% risk of failure)
Press: ? - help, Shift-Dir - straight line, f - gnoll
Aim: a gnoll, wielding a +0 spear (lightly wounded, chance to affect: 63%)
The gnoll resists with significant effort.
The gnoll hits you from afar with a +0 spear!
You die...

# # . (# # (# # ..
# ###. # #.g # #)#
# #@# ###########
#.# >..........
#.# ###########
#.# #. #.# #.
#.###############.
#.................
##################


You could see a gnoll.

Vanquished Creatures
  2 gnolls
  An adder (D:2)
  A worm (D:2)
  2 dart slugs (D:1)
  4 ball pythons (D:1)
  5 endoplasms
  3 giant cockroaches (D:1)
  2 goblins (D:1)
  2 hobgoblins (D:1)
  4 jackals (D:2)
  2 quokkas (D:1)
  A bat (D:1)
  A frilled lizard (D:1)
  3 kobolds (D:1)
  3 rats (D:1)
36 creatures vanquished.

Notes
Turn   | Place    | Note
-------+----------+-------------------------------------------
     0 | D:1      | zap2161 the Deep Elf Arcane Marksman began the quest for
                  | the Orb.
     0 | D:1      | Reached XP level 1. HP: 11/11 MP: 5/5
   114 | D:1      | Reached skill level 3 in Bows
   187 | D:1      | Reached XP level 2. HP: 16/16 MP: 6/6
   246 | D:1      | Reached skill level 4 in Bows
   472 | D:1      | Reached XP level 3. HP: 18/20 MP: 7/7
   547 | D:1      | Reached skill level 5 in Bows
   679 | D:1      | Found a faded altar of an unknown god.
   679 | D:1      | Noticed a rust devil
   689 | D:1      | Prayed at the altar of an unknown god.
   689 | D:1      | Became a worshipper of Makhleb the Destroyer
   689 | D:1      | Reached * piety under Makhleb
  1286 | D:2      | Reached XP level 4. HP: 10/24 MP: 8/8
  1287 | D:2      | HP: 1/24 [gnoll (9)]
  1288 | D:2      | Mangled by a gnoll

Illustrated notes

Levels and vault maps discovered:
D:1:      lemuel_arrival_cross, layout_basic,
          dreamdust_ecumenical_altar_sealed_demon
D:2:      layout_loops_ring

Skill      XL: |  1  2  3 |
---------------+----------+-----
Bows           | 3 4 5 |  5.9
Fighting       | |  0.7
Dodging        | |  2.4
Spellcasting   | |  1.5
Hexes          | |  4.0

Action                   |  1- 3 |  4- 6 || total
-------------------------+-------+-------++-------
Melee: Hand axe          |     1 |       ||     1
 Fire: Shortbow          |   109 |       ||   109
 Cast: Slow              |     1 |     2 ||     3
  Use: Scroll            |     1 |       ||     1
       Potion            |     1 |       ||     1
Armor: Robe              |     4 |       ||     4
Dodge: Dodged            |    25 |       ||    25

Table legend: (Time is in decaauts)
 A = Elapsed time spent in this place.
 B = Non-inter-level travel time spent in this place.
 C = Inter-level travel time spent in this place.
 D = Time resting spent in this place.
 E = Time spent auto-exploring this place.
 F = Levels seen in this place.
 G = Mean time per level.
                   A        B        C        D        E       F      G
               +--------+--------+--------+--------+--------+-----+--------+
         Total |   1274 |   1274 |      0 |      0 |    898 |   2 |  637.0 |
       Dungeon |   1274 |   1274 |      0 |      0 |    898 |   2 |  637.0 |
               +--------+--------+--------+--------+--------+-----+--------+

Top non-repeatable levels by time:
     D:1: 751 daAuts
     D:2: 522 daAuts
